 Dungeon Crawl Stone Soup version 0.22-a0-803-gd6d8abe (webtiles) character file.

9 Amnesiac the Digger (level 2, -13/19 HPs)
             Began as a Mummy Earth Elementalist on July 22, 2018.
             Killed by divine providence
             ... invoked by an orc priest
              (16 damage)
             ... on level 2 of the Dungeon.
             The game lasted 00:00:28 (158 turns).

Amnesiac the Digger (Mummy Earth Elementalist)       Turns: 158, Time: 00:00:29

Health: -13/19     AC:  2    Str: 11    XL:     2   Next: 6%
Magic:  3/5        EV: 12    Int: 14    God:
Gold:   0          SH:  0    Dex: 12    Spells: 3/6 levels left

rFire    x . .     SeeInvis .   (no weapon)
rCold    + . .     Gourm    .   (no shield)
rNeg     + + +     Faith    .   c - +0 robe
rPois    ∞         Spirit   .   (no helmet)
rElec    .         Reflect  .   (no cloak)
rCorr    .         Harm     .   (no gloves)
MR       .....                  (no boots)
Stlth    ++........             (no amulet)
HPRegen  0.06/turn              (no ring)
MPRegen  0.09/turn              (no ring)

@: no status effects
A: no food or potions, fire vulnerability, cold resistance 1, negative energy
resistance 3, torment resistance, unbreathing
a: no special abilities


You were on level 2 of the Dungeon.
You were not hungry.

You visited 1 branch of the dungeon, and saw 2 of its levels.

Inventory:

Missiles
 b - 19 stones (quivered)
Armour
 c - a +0 robe (worn)


   Skills:
 - Level 1.5 Dodging
 - Level 1.5 Stealth
 + Level 2.9 Spellcasting
 - Level 0.7 Transmutations
 * Level 2.9 Earth Magic


You had 3 spell levels left.
You knew the following spells:

 Your Spells              Type           Power        Failure   Level  Hunger
a - Sandblast             Erth           ##....       7%          1    N/A
b - Passwall              Tmut/Erth      #.......     16%         2    N/A

Your spell library contained the following spells:

 Spells                   Type           Power        Failure   Level  Hunger
 Stone Arrow              Conj/Erth      #.....       34%         3    N/A
 Lee's Rapid Deconstruct  Erth           ##........   88%         5    N/A
 Petrify                  Tmut/Erth      #.......     71%         4    N/A

Dungeon Overview and Level Annotations

Branches:
Dungeon (2/15)

Altars:


Innate Abilities, Weirdness & Mutations

You do not eat or drink.
Your flesh is vulnerable to fire.
You are immune to poison.
Your flesh is cold resistant. (rC+)
You are immune to negative energy. (rN+++)
You are immune to unholy pain and torment.
You can survive without breathing.


Message History

b - 23 stones
Casting: Sandblast (safe; 8% risk of failure)
Confirm with . or Enter, or press ? or * to list all spells.
Aiming: Sandblast (safe; 8% risk of failure)
Press: ? - help, Shift-Dir - straight line, f/p - ooze
Aim: an ooze (heavily wounded)
The blast of sand hits the ooze.
The ooze is almost dead.
b - 22 stones The ooze hits you but does no damage.
Casting: Sandblast (safe; 8% risk of failure)
Confirm with . or Enter, or press ? or * to list all spells.
Aiming: Sandblast (safe; 8% risk of failure)
Press: ? - help, Shift-Dir - straight line, f/p - ooze
Aim: an ooze (almost dead)
The blast of sand hits the ooze.
You kill the ooze!
You have reached level 2!
b - 21 stones Memorise Passwall, consuming 2 spell levels and leaving 3?
You start memorising the spell.
You continue memorising. x2
You finish memorising.
Spell assigned to 'b'.
You start resting.
Magic restored.
You start resting.
A rat comes into view.
The orc shouts!
The orc throws a tomahawk.
The tomahawk barely misses you.
An orc priest comes into view. It is wielding a club.
A kobold comes into view. It is wielding a dagger.
The kobold shouts!
You hear a shout!
The orc priest shouts!
The orc throws a tomahawk.
The tomahawk closely misses you.
An orc, an orc priest and an orc wizard come into view.
The orc wizard shouts!
The orc throws a tomahawk.
The tomahawk hits you.
You see here a tomahawk.
Casting: Sandblast (safe; 7% risk of failure)
Confirm with . or Enter, or press ? or * to list all spells.
Aiming: Sandblast (safe; 7% risk of failure)
Press: ? - help, Shift-Dir - straight line, f - orc priest
Aim: an orc priest, wielding a club The blast of sand hits the orc priest.
The orc priest is severely wounded.
b - 20 stones The orc wizard mumbles some strange words.
The orc wizard flickers and vanishes!
Deactivating autopickup; reactivate with Ctrl-A.
The orc priest mumbles some strange prayers to Beogh against you.
Beogh smites you!
Ouch! That really hurt!
* * * LOW HITPOINT WARNING * * *
The orc throws a tomahawk.
The tomahawk closely misses you.
Casting: Sandblast (safe; 7% risk of failure)
Confirm with . or Enter, or press ? or * to list all spells.
Aiming: Sandblast (safe; 7% risk of failure)
Press: ? - help, Shift-Dir - straight line, f/p - orc priest
Aim: an orc priest, wielding a club (severely wounded)
The blast of sand hits the orc priest.
The orc priest is almost dead.
b - 19 stones The orc priest invokes the aid of Beogh against you.
Beogh smites you!
Ouch! That really hurt!
You die...

...# #.## #..# ...#
##.o# #..# .o.### ..#
####K... ..# ###...oo.#
#.# ### #
.........####.# #..
#......@......## #.#
#.#.#.#..###.#.## #.####
#......##.###.###.##..
#......(.## ##.##.##.#
#.#.#(###.###..##.....
.....#.####.#.#.......#
##...##.##..........####
#...##.##.##.#####.#
#..$..........# #.#


You could see 2 orc priests, 2 orcs and a kobold.

Vanquished Creatures
  An ooze (D:2)
  A leopard gecko (D:2)
  A hobgoblin (D:1)
  A quokka (D:2)
4 creatures vanquished.

Notes
Turn   | Place    | Note
-------+----------+-------------------------------------------
     0 | D:1      | Amnesiac the Mummy Earth Elementalist began the quest for the Orb.
     0 | D:1      | Reached XP level 1. HP: 13/13 MP: 4/4
   116 | D:2      | Reached XP level 2. HP: 19/19 MP: 1/5
   121 | D:2      | Learned a level 2 spell: Passwall
   158 | D:2      | Killed from afar by an orc priest

Vault maps used:
D:1:      minmay_arrival_three_doors, dk_noncrumbling_4, serial_bayou_pond_c,
          interstate_on_off
D:2:      lemuel_crystal_altar, overflow_temple_1_default, first_ration,
          fedhas_altar_1

Action                   || total
-------------------------++-------
Melee: Unarmed           ||     3
 Cast: Sandblast         ||    11
Armor: Robe              ||     1
Dodge: Dodged            ||     6

Table legend:
 A = Spawn XP
 B = Non-spawn XP
 C = Spawn XP percentage of total XP
 D = Spawn monster count
 E = Non-spawn monster count
 F = Spawn count percentage of total count
 G = Total turns spent on level
                    A         B        C        D         E        F      G
               +---------+---------+-------+---------+---------+-------+---------
         Total |       0 |      14 |   0.0 |       0 |       4 |   0.0 |   158
               +---------+---------+-------+---------+---------+-------+---------
           D:1 |       0 |       2 |   0.0 |       0 |       1 |   0.0 |    16
           D:2 |       0 |      12 |   0.0 |       0 |       3 |   0.0 |   142
               +---------+---------+-------+---------+---------+-------+---------
